AoeStats
← Bombacı Mülayim

Oasis

508295205Analyzed
4v4 RM · 9d ago on Sep 21, 2026· 14m 19s· 8 players
Game mode
Random Map
Map size
Large (8 player)
Population
200
Speed
Normal
Resources
Standard
Victory
Conquest
Starting age
Dark Age
Ending age
Imperial Age
RankedLock teamsTeams togetherTeam positionsShared explorationLock speedFull tech treeHidden civsTurbo modeCheats
Victory
Defeat
🇮🇹 Slavs · Italy
1620
+14
🇮🇹 Ethiopians · Italy
1620
+14
🇮🇹 Goths · Italy
1611
+15
🇮🇹 Britons · Italy
1476
+21
🇬🇧 Khitans · United Kingdom
1658
-18
🇩🇪 Huns · Germany
1647
-19
🇵🇪 Malians · Peru
1534
-14
🇹🇷 Aztecs · Türkiye
1496
-13
KLIKELIN
6:37 Loom
10:23 Feudal Age
Bombacı Mülayim
6:35 Loom
10:44 Feudal Age
11:22 Double-Bit Axe
Willox
7:06 Loom
9:05 Feudal Age
9:59 Double-Bit Axe
10:27 Horse Collar
Go-Toba
9:04 Feudal Age
9:33 Double-Bit Axe
10:42 Domestication
GdR_Condomttiero
3:12 Loom
14:34 Feudal Age
GdR_Mark_Landers
8:56 Feudal Age
9:26 Double-Bit Axe
14:22 Horse Collar
GdR_Kingofn00b5
5:50 Loom
8:46 Feudal Age
9:27 Double-Bit Axe
12:35 Fletching
My_Name_Is_Mimmox
7:02 Loom
9:06 Feudal Age
10:07 Double-Bit Axe
11:04 Horse Collar
Connection lost

Rejoining the realm…

Still unreachable

The connection could not be restored.

Session expired

The server has moved on; the page needs a fresh start.